 Dungeon Crawl Stone Soup version 0.31-a0-365-gcf821cafb2 (webtiles) character file.

Game seed: 18353389807352355080

2844 lunkers the Martial Artist (level 10, -6/83 HPs)
             Began as a Meteoran Shapeshifter on July 27, 2023.
             Was a Follower of Ru.
             Mangled by a yak (12 damage)
             ... on level 9 of the Dungeon.
             The game lasted 00:10:47 (3255 turns).

lunkers the Martial Artist (Meteoran Shapeshifter)  Turns: 3255, Time: 00:10:48

Health: -6/83      AC:  4    Str: 18    XL:     10   Next: 24%
Magic:  11/11      EV: 16    Int: 10    God:    Ru [*.....]
Gold:   183        SH:  0    Dex: 18    Spells: 9/9 levels left

rFire   + .          .
                       - Unarmed
rCold   . . .        (no shield)
rNeg    . . .        f - +2 robe {rF+}
rPois   .            (helmet currently unavailable)
rElec   .            (cloak currently unavailable)
rCorr   .            (gloves currently unavailable)
SInv    .            (boots currently unavailable)
Will    +....        (no amulet)
Stlth   +            (no ring)
HPRegen 0.33/turn    (no ring)
MPRegen 0.12/turn

%: no passive effects
@: mighty, beast-form, glowing, unable to read
A: beast (slay +2), sense surroundings 2, inability to read after injury 2,
otherworldly, glowing, explore regen
a: Begin Untransformation, Renounce Religion


You were on level 9 of the Dungeon.
You worshipped Ru.
Ru was aware of your devotion.
You were a hulking beast.
You visited 1 branch of the dungeon, and saw 7 of its levels.
You also visited: Sewer.

You collected 183 gold pieces.

Inventory:

Missiles
 n - a throwing net
Armour
 b - a +0 pair of gloves
 f - a +2 robe of fire resistance (worn)
 o - +0 steam dragon scales
Talismans
 c - a beast talisman
Wands
 k - a wand of polymorph (4)
Scrolls
 d - 3 scrolls of identify
 e - 4 scrolls of vulnerability
 g - a scroll of fear
 j - 5 scrolls of teleportation
Potions
 a - 4 potions of might
 h - a potion of mutation
 i - a potion of cancellation
 l - a potion of magic


   Skills:
 + Level 5.7 Fighting
 + Level 6.5 Dodging
 + Level 13.3 Unarmed Combat
 - Level 3.6 Shapeshifting


You had 9 spell levels left.
You didn't know any spells.
Your spell library contained the following spells:

 Spells                   Type           Power      Damage    Failure   Level
 Apportation              Tloc           0%         N/A       36%         1
 Magic Dart               Conj           0%         1d3       36%         1
 Necrotise                Necr           0%         1d4       36%         1
 Summon Small Mammal      Summ           0%         N/A       36%         1
 Call Imp                 Summ           0%         N/A       50%         2
 Dazzling Flash           Conj/Hex       0%         N/A       75%         3
 Ignite Poison            Fire/Tmut/Pois 0%         N/A       75%         3
 Mephitic Cloud           Conj/Pois/Air  0%         N/A       75%         3
 Volatile Blastmotes      Fire/Tloc      0%         2d10      75%         3
 Sticky Flame             Conj/Fire      0%         2d3       98%         4
 Starburst                Conj/Fire      0%         6d3       100%        6
 Ignition                 Fire           0%         3d3       100%        8
 Maxwell's Capacitive Co  Air            0%         ∞         100%        8


Dungeon Overview and Level Annotations

Branches:
Dungeon (6/15) Zot: 1348   Temple (0/1) D:4           Sewer (visited)

Altars:
Cheibriados
Dithmenos
Elyvilon
Fedhas
Gozag
Hepliaklqana
Kikubaaqudgha
Nemelex Xobeh
Ru
Sif Muna
Trog
Vehumet
Zin
The Shining One

Annotations:
D:9 1 runed translucent door


Innate Abilities, Weirdness & Mutations

You are a hulking beast.
Your limbs bulge with bestial killing power. (Slay +2)
You passively map the area around you.
You sometimes lose the ability to read scrolls when taking damage.
You are easily found by Zot.
You glow in the dark.
You regain HP and MP as you explore.


Message History

The yak is heavily wounded.
Unknown command.
You hit the yak.
The yak is heavily wounded.
The yak gores you but does no damage.
A yak comes into view.
Unknown command.
You pummel the yak!!
The yak is almost dead.
The yak misses you. The yak gores you!
* * * LOW HITPOINT WARNING * * *
Unknown command.
You punch the yak!
You kill the yak!
You can read scrolls again.
The yak gores you but does no damage.
Unknown command.
You pummel the yak!! Your punch misses the yak.
The yak is severely wounded.
The yak closely misses you. The yak gores you.
* * * LOW HITPOINT WARNING * * *
You punch the yak!
You kill the yak!
Unknown command.
You barely miss the yak. The yak gores you but does no damage.
The yak misses you.
Unknown command.
You barely miss the yak. The yak gores you!
You feel threatened and lose the ability to read scrolls!
* * * LOW HITPOINT WARNING * * *
The yak closely misses you.
You closely miss the yak. You punch the yak!!
The yak is heavily wounded.
Unknown command.
You pummel the yak!!
You kill the yak!
You can read scrolls again.
The yak gores you!
You feel threatened and lose the ability to read scrolls!
You die...

, ,, ......YY# * ,, *
.......Y# ,, , , ,........# ,
* ,* , .......Y# , ,,*
........# *#############'####
* , *.................# 8, ,
, ..........Y......# ~ , , ,
.........h†......# * , ,
..........†......# * ~ ,
.########'##################
,,
............................
,
...........................#
<
.......)))...###...........#
,.......).).................#
....................####....
,
...............(............


You could see a yak.

Vanquished Creatures
  The ghost of LeprechaunX the Changeling, a novice OpSh (D:5)
  A troll (D:9)
  Sigmund (D:2)
  A wraith (D:9)
  5 yaks (D:9)
  A steam dragon (D:9)
  A black bear (D:4)
  2 ogres (D:5)
  2 phantoms
  3 kobold brigands
  A scorpion (D:4)
  A howler monkey (D:5)
  3 orc priests
  3 jellies
  A gnoll bouda (D:9)
  7 orc wizards
  2 hound zombies (D:3)
  4 gnolls (D:4)
  6 adders
  2 adder skeletons (D:3)
  2 worms (D:3)
  3 dart slugs
  12 orcs
  3 ball pythons
  4 bats
  16 endoplasms
  8 giant cockroaches
  3 goblins (D:2)
  2 hobgoblins
  4 jackals (D:1)
  26 kobolds
  4 quokkas
  2 ball python skeletons (D:3)
  A ball python zombie (D:3)
  2 frilled lizards
  A jackal zombie (D:3)
  9 rats
150 creatures vanquished.

Notes
Turn   | Place    | Note
-------+----------+-------------------------------------------
     0 | D:1      | lunkers the Meteoran Shapeshifter began the quest for the
                  | Orb.
     0 | D:1      | Reached XP level 1. HP: 16/16 MP: 2/2
     2 | D:1      | Noticed a troll
     2 | D:1      | Noticed a felid
     4 | D:1      | Noticed a spriggan
     4 | D:1      | Noticed a vine stalker
     6 | D:1      | Noticed a gargoyle
     6 | D:1      | Noticed a draconian
     8 | D:1      | Noticed a tengu
    10 | D:1      | Noticed an armataur
    12 | D:1      | Noticed an octopode
    14 | D:1      | Noticed a vampire
    14 | D:1      | Noticed an ogre
    16 | D:1      | Noticed a human
    16 | D:1      | Noticed a demonspawn
    18 | D:1      | Noticed a ghoul
    18 | D:1      | Noticed a minotaur
    20 | D:1      | Noticed a merfolk
    20 | D:1      | Noticed a formicid
    22 | D:1      | Noticed an elf
    22 | D:1      | Noticed a meteoran
    24 | D:1      | Noticed a minotaur
    24 | D:1      | Noticed a naga
    26 | D:1      | Noticed an ogre
   120 | D:1      | Reached skill level 4 in Unarmed Combat
   124 | D:1      | Reached XP level 2. HP: 18/23 MP: 3/3
   323 | D:1      | Reached XP level 3. HP: 28/28 MP: 4/4
   442 | D:2      | Found a hazy altar of Hepliaklqana.
   466 | D:2      | Reached skill level 5 in Unarmed Combat
   495 | D:2      | Found a faded altar of an unknown god.
   613 | D:2      | Noticed Sigmund
   622 | D:2      | Killed Sigmund
   623 | D:2      | Reached skill level 7 in Unarmed Combat
   623 | D:2      | Reached XP level 4. HP: 35/35 MP: 5/5
   623 | D:2      | Reached XP level 5. HP: 40/40 MP: 6/6
   623 | D:2      | Reached XP level 6. HP: 47/47 MP: 7/7
  1014 | D:3      | Reached skill level 8 in Unarmed Combat
  1132 | D:3      | Found a shimmering blue altar of Sif Muna.
  1141 | D:3      | Reached XP level 7. HP: 44/52 MP: 8/8
  1154 | D:3      | Found an ancient bone altar of Kikubaaqudgha.
  1157 | D:3      | Found a radiant altar of Vehumet.
  1195 | D:3      | Reached skill level 9 in Unarmed Combat
  1377 | D:3      | Found a sparkling altar of Nemelex Xobeh.
  1571 | D:4      | Reached skill level 10 in Unarmed Combat
  1571 | D:4      | Reached XP level 8. HP: 38/59 MP: 9/9
  1610 | D:4      | Found a sacrificial altar of Ru.
  1613 | D:4      | Found a snail-covered altar of Cheibriados.
  1619 | D:4      | Found a shadowy altar of Dithmenos.
  1621 | D:4      | Found an opulent altar of Gozag.
  1626 | D:4      | Found a blossoming altar of Fedhas.
  1629 | D:4      | Found a bloodstained altar of Trog.
  1660 | D:4      | Became a worshipper of Ru the Awakened
  1701 | D:4      | Found a glowing drain.
  1750 | Sewer    | Entered a sewer
  1970 | Sewer    | Reached skill level 11 in Unarmed Combat
  2159 | D:4      | Found a staircase to the Ecumenical Temple.
  2166 | D:5      | Entered Level 5 of the Dungeon
  2252 | D:5      | Found a white marble altar of Elyvilon.
  2253 | D:5      | Found a glowing silver altar of Zin.
  2258 | D:5      | Found a glowing golden altar of the Shining One.
  2375 | D:5      | Reached skill level 12 in Unarmed Combat
  2397 | D:5      | Found a runed translucent door.
  2400 | D:5      | Noticed LeprechaunX's ghost (novice OpSh)
  2410 | D:5      | Killed LeprechaunX's ghost
  2411 | D:5      | Gained mutation: You passively map the area around you.
                  | [Meteoran growth]
  2411 | D:5      | Reached XP level 9. HP: 56/68 MP: 10/10
  2511 | D:5      | Gained mutation: You occasionally lose the ability to read
                  | scrolls when taking damage. [Ru sacrifice]
  2511 | D:5      | Gained mutation: You sometimes lose the ability to read
                  | scrolls when taking damage. [Ru sacrifice]
  2511 | D:5      | Reached * piety under Ru
  2856 | D:6      | You fall into a shaft and drop 3 floors!
  3082 | D:9      | Reached skill level 5 in Dodging
  3093 | D:9      | Found a runed translucent door.
  3094 | D:9      | Noticed a death knight
  3094 | D:9      | Noticed a five-headed hydra
  3095 | D:9      | Noticed a centaur warrior
  3179 | D:9      | Noticed a troll
  3189 | D:9      | Killed a troll
  3190 | D:9      | Reached skill level 13 in Unarmed Combat
  3190 | D:9      | Reached XP level 10. HP: 19/80 MP: 11/11
  3212 | D:9      | Reached skill level 5 in Fighting
  3215 | D:9      | HP: 4/81 [kobold/+0 club (1)]
  3255 | D:9      | Mangled by a yak

Illustrated notes

Levels and vault maps discovered:
D:1:      kb_arrival_jail, layout_loops_cross
D:2:      layout_loops_ring, chequers_ecumenical_altar_simple, basic_altar,
          nicolae_twisty_statue_hallways, uniq_crazy_yiuf_cottage, uniq_sigmund
D:3:      cheibrodos_fertilizer, layout_basic, palyth_temple_overflow_mages,
          nemelex_diamond_rough_becter, eat_drink_and_be_merry_uskayaw,
          serial_undead, serial_undead_b, serial_undead_e, serial_undead_e,
          serial_undead_b, serial_undead_c, serial_undead_c, serial_undead_b,
          serial_undead_a, serial_undead_b, serial_undead_a,
          hangedman_abyss_or_decor_stabs, eino_tiny_chamber
D:4:      layout_rooms, nicolae_overflow_hallway_of_the_gods,
          minmay_temple_entry_antechambers, gup_sewer_entry_glass
D:5:      layout_basic, good_gods_temple_1, nicolae_yredelemnul_ghost_church,
          ebering_ghost_sewer_d
D:6:      layout_cave_pools
D:9:      cheibrodos_steamvent, layout_stronghold,
          mainiacjoe_overflow_cross_hatched, david_lair_shrubbed, wad_hexagon

Skill      XL: |  1  2  3  4  5  6  7  8  9 10 |
---------------+-------------------------------+-----
Unarmed Combat | 4 7 8 10 12 13 | 13.3
Fighting       | 2 4 5 |  5.7
Dodging        | 3 5 6 |  6.5
Shapeshifting  | |  3.6

Action                     |  1- 3 |  4- 6 |  7- 9 | 10-12 || total
---------------------------+-------+-------+-------+-------++-------
  Melee: Unarmed           |    54 |    68 |   244 |    27 ||   393
         Punch             |       |     2 |    18 |     2 ||    22
 Invoke: Sacrifice Words   |       |       |     1 |       ||     1
    Use: Potion            |     1 |     1 |     2 |     1 ||     5
         Scroll            |       |       |    12 |       ||    12
 Armour: Animal skin       |     4 |       |       |       ||     4
         Skin              |     3 |    12 |    13 |       ||    28
         Robe              |       |    15 |    71 |    10 ||    96
  Dodge: Dodged            |    23 |    28 |    97 |    23 ||   171

Table legend: (Time is in decaauts)
 A = Elapsed time spent in this place.
 B = Non-inter-level travel time spent in this place.
 C = Inter-level travel time spent in this place.
 D = Time resting spent in this place.
 E = Time spent auto-exploring this place.
 F = Levels seen in this place.
 G = Mean time per level.
                   A        B        C        D        E       F      G
               +--------+--------+--------+--------+--------+-----+--------+
         Total |   3227 |   3147 |     80 |    146 |   1968 |   8 |  403.4 |
       Dungeon |   2850 |   2770 |     80 |     47 |   1817 |   7 |  407.1 |
         Sewer |    376 |    376 |      0 |     99 |    151 |   1 |  376.0 |
               +--------+--------+--------+--------+--------+-----+--------+

Top non-repeatable levels by time:
     D:5: 683 daAuts
     D:3: 498 daAuts
     D:2: 468 daAuts
     D:4: 408 daAuts
     D:1: 400 daAuts
     D:9: 389 daAuts
   Sewer: 376 daAuts
     D:6: 1 daAuts
